ABL
NORTH SYDNEY BEARS @ MELBOURNE DEMONS
06/24/2022
 
TOP OF THE 1ST
North Sydney Bears batting - Pitching for Melbourne Demons : RHP Denan Stares
Pitching: RHP Denan Stares
Batting: LHB Jofet Triga 0-0: Called Strike
0-1: Bunt for hit to 15 - play at first, batter OUT! 1-3
Batting: LHB Joey Guildford 0-0: Fly out, F9 (Flyball, 9D, EV 108.1 MPH)
Batting: RHB Conrad Verberne 0-0: Ball
1-0: Ball
2-0: Foul Ball, location: 9LMF
2-1: Ball
3-1: Swinging Strike
3-2: Foul Ball, location: 7LSF
3-2: Fly out, F9 (Flyball, 89M, EV 86.3 MPH)
Top of the 1st over - 0 runs, 0 hits, 0 errors, 0 left on base; North Sydney 0 - Melbourne 0
BOTTOM OF THE 1ST
Melbourne Demons batting - Pitching for North Sydney Bears : RHP Rafael Topp
Pitching: RHP Rafael Topp
Batting: RHB Colin Fraser 0-0: Called Strike
0-1: Ball
1-1: Fly out, F3 (Popup, 3F, EV 63.8 MPH)
Batting: RHB Everton Leaper 0-0: Fly out, F8 (Flyball, 8RD, EV 106.9 MPH)
Batting: RHB Les Davies 0-0: Called Strike
0-1: Ball
1-1: Ball
2-1: Foul Ball, location: 2F
2-2: Ball
3-2: Ground out 4-3 (Groundball, 4M, EV 78.8 MPH)
Bottom of the 1st over - 0 runs, 0 hits, 0 errors, 0 left on base; North Sydney 0 - Melbourne 0
TOP OF THE 2ND
North Sydney Bears batting - Pitching for Melbourne Demons : RHP Denan Stares
Batting: LHB Jonathan Hoolahan 0-0: Fly out, F7 (Flyball, 78S, EV 98.8 MPH)
Batting: RHB Noel Wakeling 0-0: Foul Ball, location: 25FF
0-1: Foul Ball, location: 9LSF
0-2: Ball
1-2: Ball
2-2: Ball
3-2: SOLO HOME RUN (Flyball, 9D, EV 97.5 MPH), Distance : 354 ft
Batting: LHB Trent Northam 0-0: Called Strike
0-1: Ball
1-1: Fly out, F8 (Flyball, 8RXD, EV 105.6 MPH)
Batting: LHB Tommie Lovatt 0-0: Ball
1-0: Foul Ball, location: 2F
1-1: Foul Ball, location: 25FF
1-2: Ground out 6-3 (Groundball, 6, EV 108.8 MPH)
Top of the 2nd over - 1 run, 1 hit, 0 errors, 0 left on base; North Sydney 1 - Melbourne 0
BOTTOM OF THE 2ND
Melbourne Demons batting - Pitching for North Sydney Bears : RHP Rafael Topp
Batting: LHB Luke Kelly 0-0: Ball
1-0: Ball
2-0: SINGLE (Line Drive, 9S, EV 106.9 MPH)
Batting: SHB Keary Aves 0-0: Called Strike
0-1: Foul Ball, location: 5SF
0-2: Ball
1-2: Ball
2-2: Fly out, F9 (Flyball, 9S, EV 92.5 MPH)
Batting: RHB Leon Mortimer 0-0: Swinging Strike
0-1: Ball
1-1: Foul Ball, location: 7LMF
1-2: Strikes out swinging
Batting: RHB Jose Ruiz 0-0: Called Strike
0-1: Foul Ball, location: 25FF
0-2: SINGLE (Groundball, 56S, EV 66.9 MPH) (infield hit)
Luke Kelly to second
Batting: RHB Arran Stalker 0-0: Ball
1-0: Fly out, F8 (Flyball, 8LD, EV 106.9 MPH)
Bottom of the 2nd over - 0 runs, 2 hits, 0 errors, 2 left on base; North Sydney 1 - Melbourne 0
TOP OF THE 3RD
North Sydney Bears batting - Pitching for Melbourne Demons : RHP Denan Stares
Batting: RHB Josh Symonds 0-0: Swinging Strike
0-1: Called Strike
0-2: SINGLE (Line Drive, 89S, EV 110.0 MPH)
Batting: SHB Rafael Topp 0-0: Sac Bunt to 3S - play at first, batter OUT! 3-1
Josh Symonds to second
Batting: LHB Jofet Triga 0-0: Ball
1-0: Ball
2-0: Ground out 4-3 (Groundball, 4, EV 76.3 MPH)
Josh Symonds to third
Batting: LHB Joey Guildford 0-0: Foul Ball, location: 2F
0-1: SINGLE (Line Drive, 34D, EV 106.3 MPH)
Josh Symonds scores
Batting: RHB Conrad Verberne Pickoff Throw to First - Out! 1-3
Top of the 3rd over - 1 run, 2 hits, 0 errors, 0 left on base; North Sydney 2 - Melbourne 0
BOTTOM OF THE 3RD
Melbourne Demons batting - Pitching for North Sydney Bears : RHP Rafael Topp
Batting: SHB Denan Stares 0-0: Ball
1-0: Foul Ball, location: 3FF
1-1: Called Strike
1-2: Ball
2-2: Strikes out swinging
Batting: RHB Colin Fraser 0-0: Ground out 5-3 (Groundball, 56S, EV 78.8 MPH)
Batting: RHB Everton Leaper 0-0: Ball
1-0: Foul Ball, location: 9LSF
1-1: SINGLE (Line Drive, 7LS, EV 91.3 MPH)
Batting: RHB Les Davies 0-0: Ball
1-0: Ball
2-0: Called Strike
2-1: Ball
3-1: Called Strike
3-2: Base on Balls
Everton Leaper to second
Batting: LHB Luke Kelly 0-0: Foul Ball, location: 3DF
0-1: Swinging Strike
0-2: Ball
1-2: Foul Ball, location: 2F
1-2: Ball
2-2: Fly out, F7 (Flyball, 7, EV 93.1 MPH)
Bottom of the 3rd over - 0 runs, 1 hit, 0 errors, 2 left on base; North Sydney 2 - Melbourne 0
TOP OF THE 4TH
North Sydney Bears batting - Pitching for Melbourne Demons : RHP Denan Stares
Batting: RHB Conrad Verberne 0-0: Ball
1-0: Fly out, F8 (Flyball, 8RS, EV 81.9 MPH)
Batting: LHB Jonathan Hoolahan 0-0: Ground out 4-3 (Groundball, 34, EV 78.8 MPH)
Batting: RHB Noel Wakeling 0-0: Foul Ball, location: 2F
0-1: Swinging Strike
0-2: Ball
1-2: Ball
2-2: Ball
3-2: Foul Ball, location: 9LMF
3-2: Ground out 5-3 (Groundball, 56, EV 83.8 MPH)
Top of the 4th over - 0 runs, 0 hits, 0 errors, 0 left on base; North Sydney 2 - Melbourne 0
BOTTOM OF THE 4TH
Melbourne Demons batting - Pitching for North Sydney Bears : RHP Rafael Topp
Batting: SHB Keary Aves 0-0: Ball
1-0: Called Strike
1-1: Ball
2-1: Foul Ball, location: 3FF
2-2: Foul Ball, location: 2F
2-2: Fly out, F8 (Flyball, 8RD, EV 105.0 MPH)
Batting: RHB Leon Mortimer 0-0: Swinging Strike
0-1: Swinging Strike
0-2: Ball
1-2: Foul Ball, location: 9LSF
1-2: Reached on error, E6 (Groundball, 6, EV 87.5 MPH)
Batting: RHB Jose Ruiz 0-0: Ball
1-0: Swinging Strike
1-1: Ball
2-1: Ball
3-1: Foul Ball, location: 2F
3-2: Foul Ball, location: 25F
3-2: Foul Ball, location: 9LDF
3-2: Grounds into double play, 6-4-3 (Groundball, 6, EV 84.4 MPH)
Bottom of the 4th over - 0 runs, 0 hits, 1 error, 0 left on base; North Sydney 2 - Melbourne 0
TOP OF THE 5TH
North Sydney Bears batting - Pitching for Melbourne Demons : RHP Denan Stares
Batting: LHB Trent Northam 0-0: Called Strike
0-1: Ball
1-1: Ball
2-1: Ball
3-1: Base on Balls
Batting: LHB Tommie Lovatt 0-0: Ball
1-0: Called Strike
1-1: Foul Ball, location: 25F
1-2: Ball
2-2: Foul Ball, location: 7LSF
2-2: Foul Ball, location: 2F
2-2: Ball
3-2: Foul Ball, location: 2F
3-2: Foul Ball, location: 25F
3-2: Fly out, F7 (Flyball, 7D, EV 103.8 MPH)
Batting: RHB Josh Symonds 0-0: Called Strike
0-1: Swinging Strike
0-2: Ball
1-2: Strikes out looking
Batting: SHB Rafael Topp 0-0: Ball
1-0: SINGLE (Line Drive, 7S, EV 95.0 MPH)
Trent Northam to second
Batting: LHB Jofet Triga 0-0: Ball
1-0: Foul Ball, location: 5DF
1-1: Ball
2-1: Fielders Choice at 2nd, 6-4 (Groundball, 6, EV 103.8 MPH)
Top of the 5th over - 0 runs, 1 hit, 0 errors, 2 left on base; North Sydney 2 - Melbourne 0
BOTTOM OF THE 5TH
Melbourne Demons batting - Pitching for North Sydney Bears : RHP Rafael Topp
Batting: RHB Arran Stalker 0-0: Ball
1-0: Ball
2-0: Foul Ball, location: 2F
2-1: Ball
3-1: Ground out 6-3 (Groundball, 6, EV 75.6 MPH)
Batting: SHB Denan Stares 0-0: Foul Ball, location: 7LDF
0-1: Ball
1-1: Called Strike
1-2: Ball
2-2: Foul Ball, location: 2F
2-2: Foul Ball, location: 2F
2-2: Ball
3-2: Strikes out swinging
Batting: RHB Colin Fraser 0-0: Called Strike
0-1: Foul Ball, location: 23FF
0-2: Ball
1-2: Foul Ball, location: 2F
1-2: SINGLE (Groundball, 6MD, EV 103.1 MPH)
Batting: RHB Everton Leaper 0-0: Called Strike
Colin Fraser steals 2nd base
0-1: Ball
1-1: Ball
2-1: Called Strike
2-2: Foul Ball, location: 25FF
2-2: Ball
3-2: Base on Balls
Batting: RHB Les Davies 0-0: Called Strike
0-1: Called Strike
0-2: Ball
1-2: Fly out, F7 (Flyball, 7S, EV 86.3 MPH)
Bottom of the 5th over - 0 runs, 1 hit, 0 errors, 2 left on base; North Sydney 2 - Melbourne 0
TOP OF THE 6TH
North Sydney Bears batting - Pitching for Melbourne Demons : RHP Denan Stares
Batting: LHB Joey Guildford 0-0: Ball
1-0: Ground out 4-3 (Groundball, 4M, EV 88.1 MPH)
Batting: RHB Conrad Verberne 0-0: Called Strike
0-1: DOUBLE (Flyball, 9LD, EV 112.5 MPH)
Batting: LHB Jonathan Hoolahan 0-0: Foul Ball, location: 2F
0-1: Ball
1-1: Foul Ball, location: 2F
1-2: Ball
2-2: Ball
Passed Ball!
Conrad Verberne to third
3-2: Base on Balls
Batting: RHB Noel Wakeling 0-0: Called Strike
0-1: Ball
1-1: Ball
2-1: Foul Ball, location: 9LDF
2-2: Strikes out swinging
Batting: LHB Trent Northam 0-0: SINGLE (Groundball, 4D, EV 99.4 MPH)
Conrad Verberne scores
Jonathan Hoolahan to second
Runner from 2nd tries for 3rd, SAFE, throw by RF made to third
Batting: LHB Tommie Lovatt 0-0: Called Strike
0-1: DOUBLE (Line Drive, 5D, EV 106.3 MPH)
Jonathan Hoolahan scores
Trent Northam to third
Batting: RHB Josh Symonds 0-0: Intentional Walk
Pinch Hitting: RHB Denzel Horsfall 0-0: Foul Ball, location: 2F
0-1: Fielders Choice at 2nd, U6 (Groundball, 6M, EV 83.1 MPH)
Top of the 6th over - 2 runs, 3 hits, 0 errors, 3 left on base; North Sydney 4 - Melbourne 0
BOTTOM OF THE 6TH
Melbourne Demons batting - Pitching for North Sydney Bears : RHP Rafael Topp
Pitching: RHP Harry Cockerill
Batting: LHB Luke Kelly 0-0: Called Strike
0-1: Ground out U3 (Groundball, 34, EV 81.3 MPH)
Batting: SHB Keary Aves 0-0: SINGLE (Line Drive, 78S, EV 93.8 MPH)
Batting: RHB Leon Mortimer 0-0: Ball
1-0: DOUBLE (Line Drive, 9LM, EV 97.5 MPH)
Keary Aves to third
Batting: RHB Jose Ruiz 0-0: Foul Ball, location: 3SF
0-1: Ground out 5-3 (Groundball, 56S, EV 91.3 MPH)
Keary Aves scores
Leon Mortimer to third
Batting: RHB Arran Stalker 0-0: Foul Ball, location: 9LSF
0-1: Ball
1-1: Called Strike
1-2: Ball
2-2: SINGLE (Groundball, 6MD, EV 108.1 MPH)
Leon Mortimer scores
Pinch Hitting: RHB Willie Monroe 0-0: Foul Ball, location: 9LSF
0-1: Called Strike
0-2: Ball
1-2: Foul Ball, location: 2F
1-2: Foul Ball, location: 2F
1-2: Ball
2-2: Fly out, F8 (Flyball, 8LM, EV 95.6 MPH)
Bottom of the 6th over - 2 runs, 3 hits, 0 errors, 1 left on base; North Sydney 4 - Melbourne 2
TOP OF THE 7TH
North Sydney Bears batting - Pitching for Melbourne Demons : RHP Denan Stares
Pitching: LHP Adrian Mcmullen
Batting: LHB Jofet Triga 0-0: Ball
1-0: Fly out, F7 (Line Drive, 78S, EV 98.8 MPH)
Batting: LHB Joey Guildford 0-0: Called Strike
0-1: Ball
1-1: Foul Ball, location: 2F
1-2: Strikes out swinging
Batting: RHB Conrad Verberne 0-0: Swinging Strike
0-1: Foul Ball, location: 5F
0-2: Strikes out swinging
Top of the 7th over - 0 runs, 0 hits, 0 errors, 0 left on base; North Sydney 4 - Melbourne 2
BOTTOM OF THE 7TH
Melbourne Demons batting - Pitching for North Sydney Bears : RHP Harry Cockerill
Batting: RHB Colin Fraser 0-0: Ground out 5-3 (Groundball, 15, EV 89.4 MPH)
Batting: RHB Everton Leaper 0-0: Foul Ball, location: 9LMF
0-1: Ball
1-1: Ground out 6-3 (Groundball, 6, EV 80.6 MPH)
Batting: RHB Les Davies 0-0: Foul Ball, location: 2F
0-1: Ball
1-1: Foul Ball, location: 2F
1-2: SOLO HOME RUN (Flyball, 9D, EV 98.8 MPH), Distance : 372 ft
Pitching: LHP Darren Golafre
Batting: LHB Luke Kelly 0-0: Ball
1-0: Swinging Strike
1-1: Called Strike
1-2: Ground out 4-3 (Groundball, 34, EV 84.4 MPH)
Bottom of the 7th over - 1 run, 1 hit, 0 errors, 0 left on base; North Sydney 4 - Melbourne 3
TOP OF THE 8TH
North Sydney Bears batting - Pitching for Melbourne Demons : LHP Adrian Mcmullen
Batting: LHB Jonathan Hoolahan 0-0: Ball
1-0: Foul Ball, location: 25FF
1-1: Fly out, F8 (Flyball, 8RM, EV 91.3 MPH)
Batting: RHB Noel Wakeling 0-0: Swinging Strike
0-1: Ball
1-1: Ball
2-1: Ball
3-1: Ground out 6-3 (Groundball, 6, EV 83.1 MPH)
Batting: LHB Trent Northam 0-0: Swinging Strike
0-1: Ball
1-1: Ground out 6-3 (Groundball, 6M, EV 90.6 MPH)
Top of the 8th over - 0 runs, 0 hits, 0 errors, 0 left on base; North Sydney 4 - Melbourne 3
BOTTOM OF THE 8TH
Melbourne Demons batting - Pitching for North Sydney Bears : LHP Darren Golafre
Pitching: RHP O.P. Milk
Batting: SHB Keary Aves 0-0: Ball
1-0: Ball
2-0: Ball
3-0: Called Strike
3-1: Base on Balls
Batting: RHB Leon Mortimer 0-0: Bunted foul
0-1: Ball
1-1: Sac Bunt to P - play at first, batter OUT! 1-3
Keary Aves to second
Batting: RHB Jose Ruiz 0-0: Ball
1-0: Ball
2-0: Foul Ball, location: 9LMF
2-1: Ball
Wild Pitch!
Keary Aves to third
3-1: Base on Balls
Batting: RHB Arran Stalker 0-0: Ball
1-0: Swinging Strike
1-1: Foul Ball, location: 5SF
1-2: Ball
2-2: Strikes out looking
Pinch Hitting: RHB Bob Kirk 0-0: Ball
1-0: Fielders Choice at 2nd, 6-4 (Groundball, 6, EV 83.1 MPH)
Bottom of the 8th over - 0 runs, 0 hits, 0 errors, 2 left on base; North Sydney 4 - Melbourne 3
TOP OF THE 9TH
North Sydney Bears batting - Pitching for Melbourne Demons : LHP Adrian Mcmullen
Pitching: RHP Kylan Anlezark
Batting: LHB Tommie Lovatt 0-0: Called Strike
0-1: Swinging Strike
0-2: Ball
1-2: Ground out 4-3 (Groundball, 4, EV 108.8 MPH)
Batting: RHB Josh Symonds 0-0: Ball
1-0: Foul Ball, location: 9LDF
1-1: Ball
2-1: Called Strike
2-2: Fly out, F8 (Flyball, 8RS, EV 90.6 MPH)
Pinch Hitting: SHB Tas Monroe 0-0: Called Strike
0-1: Ball
1-1: Fly out, F7 (Flyball, 7D, EV 98.1 MPH)
Top of the 9th over - 0 runs, 0 hits, 0 errors, 0 left on base; North Sydney 4 - Melbourne 3
BOTTOM OF THE 9TH
Melbourne Demons batting - Pitching for North Sydney Bears : RHP O.P. Milk
Pitching: RHP Luke Sarkies
Batting: RHB Colin Fraser 0-0: Ball
1-0: DOUBLE (Flyball, 8RXD, EV 100.6 MPH)
Batting: RHB Everton Leaper 0-0: Bunted foul
0-1: Sac Bunt to 3S - play at first, batter OUT! 3-4
Colin Fraser to third
Batting: RHB Les Davies 0-0: Ball
Wild Pitch!
Colin Fraser scores
1-0: Called Strike
1-1: Ball
2-1: Foul Ball, location: 5FF
2-2: Ball
3-2: Strikes out looking
Batting: LHB Luke Kelly 0-0: Ball
1-0: Called Strike
1-1: Ball
2-1: Ball
3-1: Ground out 4-3 (Groundball, 4, EV 84.4 MPH)
Bottom of the 9th over - 1 run, 1 hit, 0 errors, 0 left on base; North Sydney 4 - Melbourne 4
TOP OF THE 10TH
North Sydney Bears batting - Pitching for Melbourne Demons : RHP Kylan Anlezark
Pitching: LHP Norm Riethmuller
Batting: LHB Jofet Triga 0-0: Called Strike
0-1: Ball
1-1: Foul Ball, location: 3F
1-2: Foul Ball, location: 2F
1-2: Strikes out swinging
Pinch Hitting: RHB Kurt Gulliver 0-0: Foul Ball, location: 2F
0-1: Ground out 4-3 (Groundball, 4MD, EV 108.8 MPH)
Batting: RHB Conrad Verberne 0-0: Ball
1-0: Called Strike
1-1: Foul Ball, location: 2F
1-2: Strikes out swinging
Top of the 10th over - 0 runs, 0 hits, 0 errors, 0 left on base; North Sydney 4 - Melbourne 4
BOTTOM OF THE 10TH
Melbourne Demons batting - Pitching for North Sydney Bears : RHP Luke Sarkies
Now at 2B: Josh Symonds
Now at SS: Wayne Morrison
Batting: SHB Keary Aves 0-0: Ball
1-0: Ball
2-0: Called Strike
2-1: Swinging Strike
2-2: Ball
3-2: Foul Ball, location: 2F
3-2: Foul Ball, location: 7LSF
3-2: Foul Ball, location: 3FF
3-2: Foul Ball, location: 7LDF
3-2: Foul Ball, location: 2F
3-2: SOLO HOME RUN (Flyball, 7D, EV 96.3 MPH), Distance : 372 ft
Bottom of the 10th over - 1 run, 1 hit, 0 errors, 0 left on base; North Sydney 4 - Melbourne 5
Thursday, May 2nd , 2024 - OOTP Baseball 24.9 Build 80